 Dungeon Crawl Stone Soup version 0.21-a0-578-gc6e9d75 (webtiles) character file.

194110 Amnesiac the Unseen (level 16, -28/78 HPs)
             Began as a Felid Earth Elementalist on Dec 18, 2017.
             Was the Champion of Ashenzari.
             Killed from afar by a fire giant (60 damage)
             ... with a fireball
             ... on level 1 of the Depths.
             The game lasted 03:20:49 (56169 turns).

Amnesiac the Unseen (Felid Earth Elementalist)     Turns: 56169, Time: 03:20:50

Health: -28/78     AC:  3    Str:  4    XL:     16   Next: 95%
Magic:  13/33      EV: 30    Int: 33    God:    Ashenzari [******]
Gold:   4982       SH:  6    Dex: 18    Spells: 0/39 levels left
                                        Lives:  0   Deaths: 5

rFire    . . .     SeeInvis +     - Unarmed
rCold    + . .     Gourm    .   (shield unavailable)
rNeg     + . .     Faith    .   (armour unavailable)
rPois    .         Spirit   .   (helmet unavailable)
rElec    .         Reflect  +   (cloak unavailable)
rCorr    +         Harm     .   (gloves unavailable)
MR       ++...     Clarity  +   (boots unavailable)
Stlth    +++++++...             G - +6 amulet of reflection (curse)
HPRegen  0.23/turn              A - ring of resist corrosion (curse)
MPRegen  0.23/turn              a - ring "Bomatiun" {rN+ Int+10} (curse)

@: quick
A: very small, no armour, no weapons or thrown items, stealth, claws 1, fangs 3,
see invisible, carnivore, speed 1, screaming 1, shaggy fur 3, slow metabolism 1,
sharp paws
}: 3/15 runes: decaying, slimy, gossamer
a: Curse Item, Scrying, Transfer Knowledge, Renounce Religion


You were on level 1 of the Depths.
You worshipped Ashenzari.
Ashenzari was exalted by your worship.
You were not hungry.

You visited 9 branches of the dungeon, and saw 41 of its levels.
You also visited: Bailey and Ice Cave.

You collected 6470 gold pieces.
You spent 1488 gold pieces at shops.

Inventory:

Missiles
 b - 454 stones
Jewellery
 a - the cursed ring "Bomatiun" (right paw) {rN+ Int+10}
   (You bought it in a shop on level 7 of the Dungeon)

   [ring of positive energy]

   It affects your intelligence (+10).
   It protects you from negative energy.
   It has a curse placed upon it.
 f - a +4 ring of intelligence
 i - an uncursed amulet of guardian spirit
 l - an uncursed ring of positive energy
 x - a +3 ring of protection
 A - a cursed ring of resist corrosion (left paw)
 G - a cursed +6 amulet of reflection (around neck)
 H - an uncursed ring of flight
 R - an uncursed ring of wizardry
 T - an uncursed ring of protection from cold
 W - the ring of Gugem {rElec Str+3 Int+4 Stlth+}
   (You found it on level 3 of the Elven Halls)

   [ring of stealth]

   It affects your strength (+3).
   It affects your intelligence (+4).
   It insulates you from electricity.
   It makes you more stealthy.
Wands
 y - a wand of digging (8)
 M - a wand of clouds (2)
 Q - a wand of acid (54)
Scrolls
 n - a scroll of holy word {!r}
 p - 4 scrolls of amnesia {!r}
 q - 6 scrolls of fog {!r}
 r - 12 scrolls of remove curse {!r}
 u - 4 scrolls of magic mapping {!r}
 C - 3 scrolls of teleportation {!r}
 F - 9 scrolls of identify {!r}
 N - a scroll of vulnerability {!r}
Potions
 d - 3 potions of berserk rage {!q}
 e - 6 potions of brilliance {!q}
 g - a potion of agility {!q}
 h - a potion of magic {!q}
 k - 3 potions of mutation {!q}
 m - 3 potions of curing {!q}
 v - 4 potions of haste {!q}
 E - 2 potions of resistance {!q}
 J - 3 potions of might {!q}
 P - a potion of flight {!q}
 Y - a potion of cancellation {!q}
Books
 j - a book of Enchantments

   Spells                             Type                      Level
   a - Cause Fear                     Hexes                        4
   b - Yara's Violent Unravelling     Hexes/Transmutation          5
   c - Silence                        Hexes/Air                    5
   d - Deflect Missiles               Charms/Air                   6
   e - Discord                        Hexes                        8
 s - the Collected Works on Unstable Attacks
   (You found it in an ice cave)

   Spells                             Type                      Level
   a - Sting                          Conjuration/Poison           1
   b - Magic Dart                     Conjuration                  1
   c - Iskenderun's Mystic Blast      Conjuration                  4
   d - Dispersal                      Translocation                6
   e - Controlled Blink               Translocation                8
 t - a book of Cantrips

   Spells                             Type                      Level
   a - Confusing Touch                Hexes                        1
   b - Animate Skeleton               Necromancy                   1
   c - Summon Small Mammal            Summoning                    1
   d - Apportation                    Translocation                1
 X - a book of the Tempests

   Spells                             Type                      Level
   a - Static Discharge               Conjuration/Air              3
   b - Lightning Bolt                 Conjuration/Air              5
   c - Ignition                       Fire                         8
   d - Tornado                        Air                          9
   e - Shatter                        Earth                        9
Comestibles
 c - 25 rations


   Skills:
 - Level 13.3 Fighting
 - Level 13.3 Dodging
 - Level 16.0 Stealth
 - Level 16.0 Unarmed Combat
 - Level 12.0 Spellcasting
 - Level 15.3(19.3) Translocations
 - Level 9.5(13.8) Transmutations
 * Level 14.4(18.4) Earth Magic


You couldn't memorise any spells.
You knew the following spells:

 Your Spells              Type           Power        Failure   Level  Hunger
a - Stone Arrow           Conj/Erth      ######       1%          3    None
b - Passwall              Tmut/Erth      #######...   0%          2    None
c - Ice Form              Ice/Tmut       ######..     1%          4    None
d - Lee's Rapid Deconstr  Erth           #######...   1%          5    #......
e - Petrify               Tmut/Erth      #######.     1%          4    None
g - Blink                 Tloc           N/A          0%          2    None
r - Regeneration          Chrm/Necr      ###.......   5%          3    None
v - Controlled Blink      Tloc           N/A          5%          8    #######
w - Disjunction           Tloc           #######...   5%          8    #######
z - Confusing Touch       Hex            ###...       1%          1    None


Dungeon Overview and Level Annotations

Branches:
Dungeon (15/15)            Temple (1/1) D:4            Lair (6/6) D:8
  Swamp (4/4) Lair:3       Spider (4/4) Lair:4        Slime (5/5) Lair:5
    Orc (2/2) D:10            Elf (3/3) Orc:2        Vaults (0/5) D:13
 Depths (1/5) D:15

Altars:
Ashenzari
Cheibriados
Dithmenos
Elyvilon
Fedhas
Gozag
Hepliaklqana
Kikubaaqudgha
Makhleb
Nemelex Xobeh
Okawaru
Qazlal
Ru
Sif Muna
Trog
Uskayaw
Vehumet
Wu Jian
Xom
Yredelemnul
Zin
The Shining One
Jiyva

Shops:
D:7 =(**   D:12 ?   Orc:2 =[*(   Elf:3 =}=

Portals:
Hell: Depths:1

Annotations:
D:6 1 transporter
D:14 Frances, Louise
Lair:5 exclusion: 3 doors
Slime:5 Royal Jelly
Elf:2 3 runed doors
Elf:3 Vojta's ghost, veteran HOFE


Innate Abilities, Weirdness & Mutations

You cannot wear armour.
You are incapable of wielding weapons or throwing items.
Your paws allow you to move quietly. (Stealth)
You have sharp claws.
You have razor-sharp teeth.
You have supernaturally acute eyesight. (SInv)
You are carnivorous and can eat meat at any time.
You cover ground quickly.
Your thick and shaggy fur keeps you warm. (AC +3, rC+)
You have a slow metabolism.
Your sharp claws are effective at attacking unaware monsters.
You occasionally shout uncontrollably at your foes.


Message History

Casting: Controlled Blink
Confirm with . or Enter, or press ? or * to list all spells.
Aiming: Petrify
Press: ? - help, Shift-Dir - straight line, f - ogre mage
Aim: an ogre mage, wielding a halberd and wearing a robe (slightly transparent, chance to defeat MR: 37%)
The ogre mage resists with some effort.
You feel sick.
Casting: Petrify
Confirm with . or Enter, or press ? or * to list all spells.
Aiming: Petrify
Press: ? - help, Shift-Dir - straight line, f/p - ogre mage
Aim: an ogre mage, wielding a halberd and wearing a robe (slightly transparent, chance to defeat MR: 37%)
The ogre mage resists with some effort.
Casting: Petrify
Confirm with . or Enter, or press ? or * to list all spells.
Okay, then.
Casting: Petrify
Confirm with . or Enter, or press ? or * to list all spells.
Aiming: Petrify
Press: ? - help, Shift-Dir - straight line, f/p - ogre mage
Aim: an ogre mage, wielding a halberd and wearing a robe (slightly transparent, chance to defeat MR: 37%)
The ogre mage resists with some effort.
Casting: Petrify
Confirm with . or Enter, or press ? or * to list all spells.
Aiming: Petrify
Press: ? - help, Shift-Dir - straight line, f/p - ogre mage
Aim: an ogre mage, wielding a halberd and wearing a robe (slightly transparent, chance to defeat MR: 37%)
The ogre mage is moving more slowly.
Casting: Petrify
Confirm with . or Enter, or press ? or * to list all spells.
Aiming: Petrify
Press: ? - help, Shift-Dir - straight line, f/p - ogre mage
Aim: an ogre mage, wielding a halberd and wearing a robe (slightly transparent, slowly petrifying, chance to defeat MR: 37%)
The ogre mage resists with some effort.
You feel sick.
The ogre mage stops moving altogether!
You feel sick.
You are no longer poisoned.
The helpless ogre mage fails to defend itself.
You eviscerate the ogre mage!!!!!
You kill the ogre mage!
Things that are here:
an uncursed halberd; an uncursed robe; an ogre corpse You butcher the ogre corpse.
Items here: % ) [ ÷ an uncursed halberd; an uncursed robe; 6 chunks of flesh; an ogre skeleton Eat one of 6 chunks of flesh? (ye/n/q)
You eat one of the 6 chunks of flesh.
This raw flesh tastes great.
The two-headed ogre shouts in stereo!
Eat one of 5 chunks of flesh? (ye/n/q)
You eat one of the 5 chunks of flesh.
This raw flesh tastes great.
A two-headed ogre comes into view.
It is wielding a giant spiked club and a giant club.
You hiss at the two-headed ogre!
Casting: Petrify
Confirm with . or Enter, or press ? or * to list all spells.
Aiming: Petrify
Press: ? - help, Shift-Dir - straight line, f - two-headed ogre
Aim: a two-headed ogre, wielding a giant club and a giant spiked club (chance to defeat MR: 72%)
The two-headed ogre is moving more slowly.
You hear a shout!
You hear two shouts!
You hear a shout! x3
A fire giant comes into view.
Ashenzari warns you: It is wielding a great sword of flaming.
The fire giant points at you and mumbles some strange words.
The fireball explodes!
The fireball engulfs you!
Ouch! That really hurt!
You die...

###################
.....O...OO...O.@.#
.......#########..#
######.# #..# # #.#
#..# #### #.# #..#
......(# ** #..#
........ ,,, ,∆C..#
........ , ,, ,.∩.#
##### .. ,,, ,, ,*


You could see a fire giant, 2 two-headed ogres and an ogre.

Vanquished Creatures
  A deep elf blademaster (Elf:3)
  A deep elf master archer (Elf:3)
  3 acid blobs (Slime:5)
  An azure jelly (Slime:5)
  4 orc warlords
  2 ghost moths (Spider:4)
  5 emperor scorpions
  4 deep elf sorcerers
  4 deep elf elementalists (Elf:3)
  2 very ugly things (IceCv)
  A stone giant (Depths:1)
  An entropy weaver (Spider:4)
  7 deep elf demonologists
  Nessos (D:12)
  Azrael (Elf:1)
  8 deep elf annihilators
  A spark wasp (Spider:4)
  An ettin (D:15)
  Snorg (D:14)
  7 deep elf death magi
  Josephine (D:13)
  Erolcha (Orc:1)
  3 deep elf high priests (Elf:3)
  Fannar (D:10)
  4 vault guards (D:13)
  18 hydras
  4 centaur warriors
  2 alligators
  30 dancing weapons
  7 death yaks
  An ogre mage (Depths:1)
  A vampire mage (D:15)
  7 two-headed ogres
  5 orc high priests
  Urug (D:14)
  A shock serpent (Depths:1)
  Sonja (D:13)
  27 deep elf knights
  A sixfirhy (Depths:1)
  Nergalle (Orc:1)
  7 swamp dragons (Swamp:4)
  An unseen horror (D:14)
  A wolf spider zombie (D:15)
  8 deep elf archers
  2 shambling mangroves
  7 orc knights
  Pikel (D:6)
  5 orc sorcerers
  7 orb spiders
  7 ugly things
  The ghost of Thaneod the Thaumaturge, a novice DEFE of Vehumet (D:7)
  18 wolf spiders
  60 deep elf magi
  6 oklob plants
  The ghost of M4edhros the Shield-Bearer, a novice FoAK of Lugonu (D:4)
  4 cyclopes
  2 manticores
  2 centaur zombies
  2 moths of wrath
  2 black mambas
  Maurice (D:12)
  6 ice statues
  Psyche (D:12)
  A torpor snail (Spider:1)
  2 gargoyles
  13 spiny frogs
  The ghost of p0werm0de the Gusty, a novice OpAE of Uskayaw (D:5)
  5 demonic crawlers
  A kobold demonologist (D:11)
  3 rime drakes
  2 yaktaurs
  2 anaconda simulacra (IceCv)
  2 tengu conjurers
  4 komodo dragons
  10 jumping spiders
  2 freezing wraiths
  A queen bee (shapeshifter) (D:15)
  5 tyrant leeches
  3 trolls
  6 hornets
  A polar bear (Lair:5)
  8 bog bodies
  Grinder (D:3)
  28 slime creatures
  A raiju (shapeshifter) (D:15)
  6 blink frogs
  5 dream sheep (Lair:6)
  4 raiju (D:15)
  5 hippogriffs
  A water elemental (D:13)
  49 redbacks
  2 shadows
  7 wyverns
  2 air elementals
  6 wraiths
  13 yaks
  Sigmund (D:3)
  3 basilisks
  19 tarantellas
  7 fire elementals
  Eustachio (D:4)
  6 golden eyes
  12 vampire mosquitoes
  3 hungry ghosts
  3 iron troll simulacra (IceCv)
  3 acid dragons
  3 harpy simulacra (IceCv)
  5 swamp worms
  9 wargs
  Edmund (D:4)
  Menkaure (D:4)
  A hydra simulacrum (IceCv)
  A swamp worm (shapeshifter) (Elf:1)
  Duvessa (D:7)
  4 water moccasins
  4 hell hounds (Elf:1)
  4 porcupines
  59 orc warriors
  4 eyes of draining
  A hornet zombie (D:15)
  14 swamp drakes
  4 sky beasts
  12 ice beasts
  2 black bears
  2 necrophages
  10 ogres
  5 wolves (Lair:3)
  7 centaurs
  7 crocodiles
  12 bullfrogs
  A gnoll sergeant (Orc:1)
  5 earth elementals
  A wyvern zombie (D:13)
  Dowan (D:7)
  A wyvern skeleton (D:6)
  A scorpion (D:12)
  A water moccasin skeleton (D:9)
  14 wights
  4 howler monkeys
  6 electric eels
  10 crimson imps
  A bullfrog zombie (D:11)
  2 quasits
  7 hounds
  32 orc wizards
  3 bullfrog skeletons
  4 centaur skeletons
  21 orc priests
  A gnoll shaman (D:10)
  6 jellies
  2 iguanas
  Natasha (thrice) (D:2)
  16 worker ants
  2 ogre zombies (D:6)
  2 hound skeletons
  2 hound zombies
  2 howler monkey zombies
  2 worker ant zombies
  Robin (D:3)
  19 gnolls
  A howler monkey skeleton (D:8)
  8 adders
  4 shadow imps
  5 oozes (D:8)
  An adder zombie (D:6)
  An adder skeleton (D:5)
  2 worms (D:2)
  4 dart slugs
  6 leopard geckos
  119 orcs
  2 ball pythons
  4 giant cockroaches
  32 goblins
  19 hobgoblins
  7 jackals
  6 kobolds
  3 quokkas
  7 bats
  A frilled lizard (D:1)
  A jackal skeleton (D:7)
  A quokka skeleton (D:8)
  12 rats
  A spectral orc (D:6)
  2 crawling corpses (Elf:1)
  3 fungi
  3 plants (Lair:2)
1186 creatures vanquished.

Vanquished Creatures (others)
  A deep elf master archer (Elf:3)
  3 water elementals (Elf:1)
  An orc wizard (D:6)
  4 orcs
  26 fungi
  19 plants
54 creatures vanquished.

Grand Total: 1240 creatures vanquished

Notes
Turn   | Place    | Note
-------+----------+-------------------------------------------
     0 | D:1      | Amnesiac the Felid Earth Elementalist began the quest for the Orb.
     0 | D:1      | Reached XP level 1. HP: 7/7 MP: 4/4
   291 | D:1      | Reached XP level 2. HP: 11/11 MP: 1/6
   459 | D:1      | Reached skill level 1 in Unarmed Combat
   588 | D:1      | Learned a level 2 spell: Passwall
   775 | D:2      | Reached XP level 3. HP: 14/14 MP: 4/7
   786 | D:2      | Noticed Natasha
   930 | D:2      | Killed Natasha
   930 | D:2      | Reached XP level 4. HP: 9/18 MP: 4/8
   943 | D:2      | Noticed Natasha
  1256 | D:2      | Killed Natasha
  1363 | D:2      | Noticed Natasha
  1367 | D:2      | Killed Natasha
  1551 | D:2      | Reached XP level 5. HP: 21/21 MP: 7/10
  1575 | D:2      | Learned a level 4 spell: Petrify
  1654 | D:2      | Found a sacrificial altar of Ru.
  1794 | D:3      | Noticed Robin
  1860 | D:3      | Noticed Sigmund
  2046 | D:3      | Noticed Grinder
  2539 | D:4      | Gained mutation: You are covered in thick fur. (AC +2) [Felid growth]
  2539 | D:4      | Reached XP level 6. HP: 24/24 MP: 7/11
  2572 | D:4      | Found a deep blue altar of Sif Muna.
  2910 | D:4      | Found a staircase to the Ecumenical Temple.
  2910 | D:4      | Noticed Edmund
  2927 | D:4      | Noticed M4edhros's ghost (novice FoAK)
  2927 | Temple   | Entered the Ecumenical Temple
  2985 | Temple   | Became a worshipper of Ashenzari the Shackled
  3074 | D:4      | Killed Edmund
  3074 | D:4      | Reached skill level 5 in Earth Magic
  3107 | D:3      | Killed Sigmund
  3107 | D:3      | Reached XP level 7. HP: 24/27 MP: 9/13
  3116 | D:3      | Learned a level 5 spell: Lee's Rapid Deconstruction
  3362 | D:3      | Paralysed by Grinder for 2 turns
  3378 | D:3      | Killed Grinder
  3637 | D:3      | Killed Robin
  4181 | D:4      | Reached XP level 8. HP: 31/31 MP: 1/15
  4386 | D:4      | Learned a level 3 spell: Stone Arrow
  4562 | D:5      | Entered Level 5 of the Dungeon
  4568 | D:5      | Found an iron altar of Okawaru.
  4975 | D:5      | Noticed p0werm0de's ghost (novice OpAE)
  4989 | D:5      | Killed p0werm0de's ghost
  4989 | D:5      | Reached skill level 5 in Spellcasting
  5262 | D:5      | Found an ornate altar of the Wu Jian Council.
  5530 | D:4      | Killed M4edhros's ghost
  5530 | D:4      | Reached XP level 9. HP: 20/34 MP: 0/19
  5713 | D:4      | Found a shadowy altar of Dithmenos.
  5734 | D:4      | Noticed Eustachio
  5802 | D:4      | Killed Eustachio
  5898 | D:4      | Learned a level 3 spell: Regeneration
  5900 | D:4      | Learned a level 1 spell: Animate Skeleton
  6011 | D:4      | Noticed Menkaure
  6067 | D:4      | Killed Menkaure
  6538 | D:6      | Found a hazy altar of Hepliaklqana.
  6743 | D:6      | Found a hide-covered altar of Uskayaw.
  6874 | D:6      | Found a transporter.
  7092 | D:6      | Reached * piety under Ashenzari
  7300 | D:6      | Noticed Pikel
  7432 | D:6      | Slain by a slave
  7433 | D:6      | Reached XP level 8. HP: -1/31 MP: 18/21
  7457 | D:6      | Found an ancient bone altar of Kikubaaqudgha.
  7479 | D:6      | Found a basalt altar of Yredelemnul.
  7529 | D:6      | Killed Pikel
  7529 | D:6      | Reached XP level 9. HP: 34/34 MP: 15/22
  7651 | D:6      | Found a transporter.
  8311 | D:7      | Reached skill level 5 in Unarmed Combat
  8409 | D:7      | Noticed Duvessa
  8418 | D:7      | Killed Duvessa
  8419 | D:7      | Noticed Dowan
  8424 | D:7      | Noticed Thaneod's ghost (novice DEFE)
  8424 | D:7      | Killed Dowan
  8424 | D:7      | Reached skill level 5 in Stealth
  8435 | D:7      | Found Jasomo's General Store.
  8478 | D:7      | Found a blossoming altar of Fedhas.
  8535 | D:7      | Killed Thaneod's ghost
  8546 | D:7      | Found Qetzum's Antique Weapon Shop.
  8681 | D:7      | Bought a scroll of identify for 24 gold pieces
  8913 | D:7      | Found Utaicysk's Assorted Antiques.
  8921 | D:7      | Bought 2 yellow potions for 45 gold pieces
  8921 | D:7      | Bought a bubbling purple potion for 22 gold pieces
  8921 | D:7      | Bought a smoky yellow potion for 22 gold pieces
  8921 | D:7      | Bought a scroll of identify for 50 gold pieces
  8921 | D:7      | Bought a scroll of identify for 50 gold pieces
  8923 | D:7      | Identified a scroll of acquirement {!r}
  9041 | D:7      | Found Bov Farghydgh's Jewellery Boutique.
  9051 | D:7      | Bought the ring "Bomatiun" {rN+ Int+10} for 528 gold pieces
  9051 | D:7      | Bought a +6 amulet of reflection for 643 gold pieces
  9328 | D:8      | Found a burning altar of Makhleb.
  9510 | D:8      | Noticed a komodo dragon
  9523 | D:8      | Killed a komodo dragon
  9523 | D:8      | Reached XP level 10. HP: 36/37 MP: 5/23
  9609 | D:8      | Found a staircase to the Lair.
  9758 | D:8      | Reached ** piety under Ashenzari
 10384 | D:9      | Found a sparkling altar of Nemelex Xobeh.
 10470 | D:9      | Reached skill level 1 in Fighting
 10928 | D:9      | Found a shadowy altar of Dithmenos.
 11059 | D:10     | Entered Level 10 of the Dungeon
 11185 | D:10     | Noticed a two-headed ogre
 11187 | D:10     | Killed a two-headed ogre
 11273 | D:10     | Noticed a two-headed ogre
 11297 | D:10     | Reached skill level 5 in Dodging
 11372 | D:9      | Killed a two-headed ogre
 11512 | D:10     | Noticed a two-headed ogre
 11527 | D:10     | Killed a two-headed ogre
 11527 | D:10     | Reached XP level 11. HP: 46/46 MP: 12/24
 11619 | D:10     | Noticed Fannar
 11906 | D:10     | Found a staircase to the Orcish Mines.
 12111 | D:10     | Killed Fannar
 12111 | D:10     | Reached skill level 5 in Fighting
 12470 | D:11     | Reached *** piety under Ashenzari
 12471 | D:11     | Noticed a two-headed ogre
 12595 | D:11     | Noticed a five-headed hydra
 12606 | D:11     | Killed a five-headed hydra
 12713 | D:11     | Learned a level 4 spell: Ice Form
 12726 | D:11     | Noticed an orc knight
 12775 | D:11     | Killed an orc knight
 12915 | D:11     | Killed a two-headed ogre
 13100 | D:11     | Reached skill level 10 in Dodging
 13329 | D:11     | Noticed a wolf spider
 13336 | D:11     | Killed a wolf spider
 13550 | D:11     | Noticed a green ugly thing
 13559 | D:11     | Killed a green ugly thing
 13849 | D:12     | Found a flagged portal.
 13859 | D:12     | Noticed Nessos
 13878 | D:12     | Killed Nessos
 13878 | D:12     | Gained mutation: Your thick and shaggy fur keeps you warm. (AC +3, rC+) [Felid growth]
 13878 | D:12     | Reached XP level 12. HP: 23/55 MP: 19/25
 13914 | Bailey   | Entered a bailey
 14582 | Bailey   | Noticed an orc warlord
 14793 | Bailey   | Killed an orc warlord
 14943 | D:12     | Found Zogugh's Magic Scroll Shoppe.
 14947 | D:12     | Bought a scroll of magic mapping for 56 gold pieces
 14947 | D:12     | Bought a scroll of remove curse for 48 gold pieces
 15128 | D:12     | Reached **** piety under Ashenzari
 15269 | D:12     | Noticed Psyche
 15299 | D:12     | Killed Psyche
 15306 | D:12     | Noticed Maurice
 15316 | D:12     | Killed Maurice
 15819 | D:13     | Noticed Sonja
 15880 | D:13     | Killed from afar by an electric eel
 15881 | D:13     | Reached XP level 11. HP: -6/53 MP: 1/25
 15973 | D:13     | Killed a purple ugly thing
 16037 | D:13     | Reached skill level 10 in Spellcasting
 16058 | D:13     | Noticed a vault guard
 16064 | D:13     | Noticed a vault guard
 16237 | D:13     | Noticed an eight-headed hydra
 16244 | D:13     | Killed an eight-headed hydra
 16368 | D:13     | Noticed a centaur warrior
 16373 | D:13     | Noticed a two-headed ogre
 16375 | D:13     | Killed a centaur warrior
 16399 | D:13     | Killed a two-headed ogre
 16404 | D:13     | Reached ***** piety under Ashenzari
 16407 | D:13     | Noticed a vault guard
 16424 | D:13     | Found a gate to the Vaults.
 16618 | D:13     | Reached XP level 12. HP: 57/57 MP: 7/28
 16683 | D:13     | Noticed Josephine
 16878 | D:13     | Killed a vault guard
 17035 | D:13     | Killed Sonja
 17054 | D:13     | Killed a vault guard
 17137 | D:13     | Learned a level 8 spell: Controlled Blink
 17482 | D:13     | Reached XP level 13. HP: 58/60 MP: 21/29
 17483 | D:13     | Reached XP level 14. HP: 63/64 MP: 21/30
 17580 | D:13     | Killed Josephine
 18273 | D:14     | Noticed Frances
 18327 | D:14     | Noticed Louise
 18432 | D:14     | Noticed Urug
 18446 | D:14     | Killed Urug
 18694 | D:14     | Noticed Snorg
 18704 | D:14     | Killed Snorg
 18981 | D:15     | Entered Level 15 of the Dungeon
 19175 | D:15     | Reached skill level 15 in Translocations
 19209 | D:15     | Found an iron altar of Okawaru.
 19951 | D:15     | Found a staircase to the Depths.
 20577 | D:15     | Found a staircase to the Depths.
 20716 | D:15     | Found an iron altar of Okawaru.
 21045 | Depths:1 | Identified a paperback manual
 21045 | Depths:1 | Entered Level 1 of the Depths
 21051 | Depths:1 | Noticed a stone giant
 21204 | Depths:1 | Killed a stone giant
 21528 | D:15     | Learned a level 8 spell: Disjunction
 21667 | Depths:1 | Noticed a frost giant
 21669 | Depths:1 | Reached XP level 15. HP: 69/69 MP: 9/32
 23023 | D:15     | Killed by miscasting Disjunction
 23024 | D:15     | Reached XP level 14. HP: -1/65 MP: 15/31
 23229 | Orc:1    | Entered Level 1 of the Orcish Mines
 24197 | Orc:1    | Noticed Nergalle
 24327 | Orc:1    | Killed Nergalle
 24327 | Orc:1    | Reached skill level 10 in Fighting
 24327 | Orc:1    | Reached skill level 10 in Stealth
 24382 | Orc:1    | Reached skill level 10 in Unarmed Combat
 24394 | Orc:1    | Noticed Erolcha
 24472 | Orc:1    | Killed Erolcha
 25056 | Orc:2    | Entered Level 2 of the Orcish Mines
 25056 | Orc:2    | Found a staircase to the Elven Halls.
 25072 | Orc:2    | Found Qipsaff's Jewellery Boutique.
 25246 | Orc:2    | Noticed an orc warlord
 25453 | Orc:2    | Found Keurat's General Store.
 25453 | Orc:2    | Found Emnuosue's Antique Weapon Shoppe.
 25453 | Orc:2    | Noticed an orc warlord
 27539 | Orc:1    | Killed an orc warlord
 28368 | Orc:2    | Found Zyub's Antique Armour Emporium.
 28384 | Orc:2    | Noticed an orc warlord
 28402 | Orc:2    | Killed an orc warlord
 28562 | Orc:2    | Killed an orc warlord
 28887 | Elf:1    | Entered Level 1 of the Elven Halls
 29794 | Elf:1    | Reached XP level 15. HP: 70/70 MP: 16/32
 30136 | Elf:1    | Reached skill level 5 in Transmutations
 30139 | Elf:1    | Noticed a deep elf sorcerer
 30143 | Elf:1    | Killed a deep elf sorcerer
 30896 | Elf:1    | Noticed Azrael
 30903 | Elf:1    | Killed Azrael
 32939 | Elf:2    | Found a huge runed gate.
 32939 | Elf:2    | Found a huge runed gate.
 32940 | Elf:2    | Found a huge runed gate.
 32941 | Elf:2    | Found a huge runed gate.
 32947 | Elf:2    | Found a huge runed gate.
 33670 | Elf:2    | Reached XP level 16. HP: 76/76 MP: 14/33
 35021 | Elf:3    | Entered Level 3 of the Elven Halls
 35407 | Elf:3    | Noticed a deep elf blademaster
 35442 | Elf:3    | Noticed Vojta's ghost (veteran HOFE)
 35650 | Elf:3    | Identified the amulet "Jilaskun" {Harm *Drain rC+ rN+ Str+4} (You took it off a deep elf demonologist on level 3 of the Elven Halls)
 35814 | Elf:3    | Noticed a deep elf master archer
 35948 | Elf:3    | Killed a deep elf master archer
 36439 | Elf:3    | Noticed a Tzitzimitl
 37599 | Elf:3    | Noticed an Ice Fiend
 37602 | Elf:3    | Reached ****** piety under Ashenzari
 37934 | Elf:3    | Noticed a deep elf master archer
 37963 | Elf:3    | Killed a deep elf master archer
 38494 | Elf:3    | Reached skill level 15 in Unarmed Combat
 38494 | Elf:3    | Reached XP level 17. HP: 52/81 MP: 14/34
 38541 | Elf:3    | Noticed a deep elf blademaster
 38700 | Elf:3    | Reached skill level 15 in Stealth
 38819 | Elf:3    | Killed a deep elf blademaster
 39522 | Elf:3    | Identified the ring of Gugem {rElec Str+3 Int+4 Stlth+}
 39854 | Elf:3    | Found Ykuhor's Jewellery Shop.
 39855 | Elf:3    | Found Xaecor's Gadget Emporium.
 39856 | Elf:3    | Found Fihus's Jewellery Shop.
 40563 | Lair:1   | Entered Level 1 of the Lair of Beasts
 41357 | Lair:4   | Found a hole to the Spider Nest.
 41591 | Spider:1 | Entered Level 1 of the Spider Nest
 43767 | Elf:3    | Learned a level 2 spell: Blink
 47102 | Spider:4 | Entered Level 4 of the Spider Nest
 47125 | Spider:4 | Found a frozen archway.
 47177 | IceCv    | Entered an ice cave
 47931 | IceCv    | Reached skill level 10 in Earth Magic
 47997 | IceCv    | Identified the Collected Works on Unstable Attacks
 48885 | Spider:4 | Reached XP level 18. HP: 27/85 MP: 5/35
 49460 | Spider:4 | Learned a level 1 spell: Confusing Touch
 49527 | Spider:4 | Got a gossamer rune of Zot
 49668 | Lair:6   | Entered Level 6 of the Lair of Beasts
 51471 | Lair:3   | Found a staircase to the Swamp.
 51689 | Swamp:1  | Entered Level 1 of the Swamp
 52162 | Swamp:4  | Entered Level 4 of the Swamp
 54256 | Swamp:4  | Got a decaying rune of Zot
 55106 | Lair:5   | Found a staircase to the Slime Pits.
 55149 | Slime:1  | Entered Level 1 of the Pits of Slime
 55480 | Slime:5  | Entered Level 5 of the Pits of Slime
 55587 | Slime:5  | Splashed by an acid blob's acid
 55588 | Slime:5  | Reached XP level 17. HP: 0/82 MP: 5/34
 55605 | Slime:5  | HP: 1/82 [acid (8)]
 55606 | Slime:5  | Splashed by an acid blob's acid
 55607 | Slime:5  | Reached XP level 16. HP: -1/78 MP: 33/33
 55607 | Slime:5  | Noticed an acid blob
 55614 | Slime:5  | Killed an acid blob
 55619 | Slime:5  | Noticed the Royal Jelly
 55659 | Slime:5  | Noticed an acid blob
 55697 | Slime:5  | Killed an acid blob
 55699 | Slime:5  | Found a viscous altar of Jiyva.
 55717 | Slime:5  | Noticed an acid blob
 55724 | Slime:5  | Got a slimy rune of Zot
 55744 | Slime:4  | Gained mutation: You occasionally shout uncontrollably at your foes. [a shining eye]
 56148 | Depths:1 | Found a gateway to Hell.
 56169 | Depths:1 | Killed from afar by a fire giant

Vault maps used:
D:1:      co_arrival_square_in_a_square_in_a_square
D:2:      marbit_many_paths, serial_bayou_pond_b, uniq_natasha
D:3:      first_ration, kennysheep_another_room, uniq_grinder, uniq_robin,
          uniq_sigmund
D:4:      nicolae_overflow_crystal_walls, old_standard_altar,
          minmay_temple_entry_large_hall, uniq_eustachio, uniq_menkaure,
          uniq_edmund
D:5:      kennysheep_little_box, lemuel_crystal_altar
D:6:      gammafunk_cloud_chamber, lemuel_round_altar, kennysheep_mini,
          yredelemnul_forgotten_temple_becter, eat_drink_and_be_merry_uskayaw,
          kennysheep_crisscross, uniq_pikel
D:7:      fedhas_altar_2, serial_shops, shop_fountains, shop,
          nicolae_shop_window_shopping, shop, uniq_duvessa
D:8:      makhleb_grotto_becter, david_lair_shrubbed,
          hangedman_little_slice_of_home
D:9:      nemelex_xobeh_ov_fountains_minmay, nicolae_lava_and_water,
          grunt_dithmenos_smoke
D:10:     david_orc_4, uniq_fannar
D:11:     minmay_cut_squares, kennysheep_small_circle
D:12:     serial_shops, shop_statue, enter_bailey_2, minivault_16, uniq_maurice,
          uniq_nessos, uniq_psyche
D:13:     minmay_opposing_rooms, lightli_vaults_fourway_checkpoint, uniq_sonja,
          uniq_josephine
D:14:     grunt_decor_cap, uniq_frances, uniq_louise, uniq_urug, uniq_snorg
D:15:     hangedman_depths_entry_civil_slaughter, lemuel_doored_altar,
          hangedman_abyss_or_decor_stagger
Temple:   eino_wide_crystal_templ
Lair:2:   serial_forest, infiniplex_forest_clump_long,
          infiniplex_forest_lined_2, infiniplex_forest_straight_3,
          infiniplex_forest_corner_2, infiniplex_forest_straight_5,
          infiniplex_forest_corner_1, infiniplex_forest_clump_tiny,
          infiniplex_forest_3_way, minmay_lair_oklob_chamber
Lair:3:   minmay_swamp_entry_worms
Lair:4:   spider_nest_entry_a, nicolae_quartered_pool_medium
Lair:5:   minmay_slime_entry_oklob_enclosed, minivault_25, zaba_antful_of_joy
Lair:6:   evilmike_catoblepas_cave, wad_woods_03, infiniplex_staircase_pool_2
Swamp:1:  hangedman_swamp_lotus
Swamp:2:  evilmike_swamp_ruin_rubble_1, swamp_pool5
Swamp:3:  hangedman_swamp_pad, infiniplex_staircase_pool
Swamp:4:  swamp_alternative
Spider:1: lemuel_spider_zombies
Spider:3: hangedman_spider_tarantella_strand
Spider:4: grunt_spider_rune_circles, portal_ice_cave_entry_pillars_three,
          nicolae_spider_circle_web
Slime:1:  nicolae_slime_barrier
Slime:3:  cheibrodos_slime_lost_civilization_6
Orc:1:    uniq_erolcha, uniq_nergalle
Orc:2:    grunt_orc_gardens, grunt_orc_garden, grunt_orc_garden,
          grunt_orc_garden, grunt_orc_garden
Elf:1:    minmay_elf_arrival_summoners, hangedman_elven_crosses_minicolossus,
          uniq_azrael
Elf:2:    hangedman_decor_cross_pass
Elf:3:    grunt_elf_hall_branching, st_stairs_8, minmay_shop_grove
Depths:1: minmay_shoctagon, hell_entry, minmay_variable_closet,
          kennysheep_generic_room_2, uniq_bai_suzhen
Bailey:   bailey_axe_minmay_hex_keep, bailey
IceCv:    ice_cave_statue_garden_chambered

Skill      XL: |  1  2  3  4  5  6  7  8  9 10 11 12 13 14 15 16 17 18 |
---------------+-------------------------------------------------------+-----
Stealth        | 3 4 6 8 11 13 14 16 | 16.0
Earth Magic    | 3 4 5 6 8 9 10 14 | 14.4
Unarmed Combat | 1 2 3 4 7 8 11 13 15 16 | 16.0
Spellcasting   | 3 4 6 8 11 9 12 | 12.0
Transmutations | 3 4 6 8 9 |  9.5
Dodging        | 6 11 12 13 | 13.3
Fighting       | 4 8 9 10 12 13 | 13.3
Translocations | 9 12 15 | 15.3

Action                   |  1- 3 |  4- 6 |  7- 9 | 10-12 | 13-15 | 16-18 || total
-------------------------+-------+-------+-------+-------+-------+-------++-------
Melee: Unarmed           |    30 |    44 |   233 |   256 |   236 |   718 ||  1517
       Bite              |     2 |     2 |    22 |    23 |    16 |    16 ||    81
       Punch             |       |       |     4 |     8 |    12 |     6 ||    30
 Cast: Sandblast         |    38 |    50 |    73 |   119 |       |       ||   280
       Passwall          |     1 |     8 |    15 |    10 |    29 |    24 ||    87
       Petrify           |       |     3 |    44 |   117 |   146 |   230 ||   540
       Lee's Rapid Decon |       |       |    29 |    62 |   197 |   297 ||   585
       Stone Arrow       |       |       |    14 |    18 |   156 |    94 ||   282
       Disjunction       |       |       |       |       |    35 |    56 ||    91
       Controlled Blink  |       |       |       |       |     5 |    10 ||    15
       Ice Form          |       |       |       |       |     2 |    49 ||    51
       Regeneration      |       |       |       |       |       |    62 ||    62
       Confusing Touch   |       |       |       |       |       |     3 ||     3
       Blink             |       |       |       |       |       |     3 ||     3
Invok: Curse Item        |       |       |     4 |       |     1 |     1 ||     6
 Abil: End Transformatio |       |       |       |       |     1 |     6 ||     7
Evoke: Wand              |       |       |       |       |       |     5 ||     5
       Phantom mirror    |       |       |       |       |       |     1 ||     1
  Use: Potion            |       |       |     1 |     4 |     5 |    28 ||    38
       Scroll            |       |       |    12 |    12 |     7 |     7 ||    38
 Stab: Sleeping          |     2 |     8 |    16 |    18 |    21 |    40 ||   105
       Petrified         |       |    11 |    68 |    89 |   113 |   123 ||   404
       Petrifying        |       |     1 |    12 |    16 |    15 |    20 ||    64
       Distracted        |       |       |     1 |     1 |       |     1 ||     3
       Confused          |       |       |       |       |       |     1 ||     1
  Eat: Chunk             |    20 |    16 |    62 |   105 |   110 |    75 ||   388
       Ration            |       |       |       |       |     2 |    23 ||    25
Armor: Skin              |     4 |     3 |    11 |     9 |     7 |    73 ||   107
Dodge: Dodged            |    35 |    41 |   167 |   201 |   272 |   772 ||  1488
Block: Other             |       |       |    13 |    51 |    72 |   220 ||   356
       Reflection        |       |       |       |     8 |     3 |     4 ||    15

Table legend:
 A = Spawn XP
 B = Non-spawn XP
 C = Spawn XP percentage of total XP
 D = Spawn monster count
 E = Non-spawn monster count
 F = Spawn count percentage of total count
 G = Total turns spent on level
                    A         B        C        D         E        F      G
               +---------+---------+-------+---------+---------+-------+---------
         Total |       0 |  374299 |   0.0 |       0 |    1179 |   0.0 | 56169
               +---------+---------+-------+---------+---------+-------+---------
           D:1 |       0 |      38 |   0.0 |       0 |      23 |   0.0 |   753
           D:2 |       0 |     168 |   0.0 |       0 |      25 |   0.0 |   940
           D:3 |       0 |     600 |   0.0 |       0 |      23 |   0.0 |  1533
           D:4 |       0 |    1780 |   0.0 |       0 |      28 |   0.0 |  2020
           D:5 |       0 |    1013 |   0.0 |       0 |      21 |   0.0 |  1070
           D:6 |       0 |    1857 |   0.0 |       0 |      37 |   0.0 |  1730
           D:7 |       0 |    1607 |   0.0 |       0 |      26 |   0.0 |   909
           D:8 |       0 |    1984 |   0.0 |       0 |      45 |   0.0 |  1043
           D:9 |       0 |    1953 |   0.0 |       0 |      19 |   0.0 |  1306
          D:10 |       0 |    4711 |   0.0 |       0 |      41 |   0.0 |  1890
          D:11 |       0 |    7498 |   0.0 |       0 |      30 |   0.0 |  1393
          D:12 |       0 |    4269 |   0.0 |       0 |      21 |   0.0 |  1261
          D:13 |       0 |   16452 |   0.0 |       0 |      53 |   0.0 |  2281
          D:14 |       0 |    5222 |   0.0 |       0 |      16 |   0.0 |   819
          D:15 |       0 |   17963 |   0.0 |       0 |      42 |   0.0 |  4066
        Lair:2 |       0 |    8568 |   0.0 |       0 |      20 |   0.0 |  1552
        Lair:3 |       0 |    6722 |   0.0 |       0 |      24 |   0.0 |  1175
        Lair:4 |       0 |    4514 |   0.0 |       0 |      18 |   0.0 |  1458
        Lair:5 |       0 |    4071 |   0.0 |       0 |      11 |   0.0 |   732
        Lair:6 |       0 |    4364 |   0.0 |       0 |      16 |   0.0 |   421
       Swamp:1 |       0 |    3848 |   0.0 |       0 |      14 |   0.0 |   424
       Swamp:2 |       0 |     979 |   0.0 |       0 |       5 |   0.0 |   539
       Swamp:3 |       0 |    6763 |   0.0 |       0 |      21 |   0.0 |   707
       Swamp:4 |       0 |   22100 |   0.0 |       0 |      46 |   0.0 |  1187
      Spider:1 |       0 |    7888 |   0.0 |       0 |      23 |   0.0 |  1701
      Spider:2 |       0 |   14180 |   0.0 |       0 |      40 |   0.0 |  1508
      Spider:3 |       0 |    7570 |   0.0 |       0 |      21 |   0.0 |   466
      Spider:4 |       0 |   18804 |   0.0 |       0 |      33 |   0.0 |  1455
       Slime:1 |       0 |     281 |   0.0 |       0 |       1 |   0.0 |   151
       Slime:2 |       0 |    1681 |   0.0 |       0 |       7 |   0.0 |   178
       Slime:5 |       0 |   12052 |   0.0 |       0 |      16 |   0.0 |   264
         Orc:1 |       0 |   11377 |   0.0 |       0 |      79 |   0.0 |  4325
         Orc:2 |       0 |   16632 |   0.0 |       0 |      62 |   0.0 |  1694
         Elf:1 |       0 |   31013 |   0.0 |       0 |      51 |   0.0 |  2724
         Elf:2 |       0 |   45981 |   0.0 |       0 |      63 |   0.0 |  5462
         Elf:3 |       0 |   61915 |   0.0 |       0 |      62 |   0.0 |  2746
      Depths:1 |       0 |    4289 |   0.0 |       0 |       5 |   0.0 |   143
        Bailey |       0 |    3738 |   0.0 |       0 |      69 |   0.0 |  1000
         IceCv |       0 |    7854 |   0.0 |       0 |      22 |   0.0 |   853
               +---------+---------+-------+---------+---------+-------+---------
